 Dungeon Crawl Stone Soup version 0.31.0-32-g396128a36d (webtiles) character file.

Game seed: 16513688075311539305

348 jagang the Slasher (level 6, -3/47 HPs)
             Began as a Human Monk on Mar 15, 2024.
             Slain by Duvessa
             ... wielding a +0 short sword
              (12 damage)
             ... on level 4 of the Dungeon.
             The game lasted 00:05:25 (3077 turns).

jagang the Slasher (Human Monk)                     Turns: 3077, Time: 00:05:25

Health: -3/47      AC: 11    Str: 12    XL:     6   Next: 60%
Magic:  7/7        EV:  7    Int: 10    God:
Gold:   147        SH:  0    Dex: 17    Spells: 5/5 levels left

rFire   . . .        s - +2 spear (flame)
rCold   . . .        d - orb {light}
rNeg    . . .        r - +0 chain mail
rPois   .            f - +0 helmet
rElec   .            q - +0 cloak
rCorr   .            h - +0 pair of gloves
SInv    .            (no boots)
Will    .....        (no amulet) Stlth
                     (no ring)
HPRegen 0.27/turn    (no ring)
MPRegen 0.10/turn

%: no passive effects
@: glowing
A: explore regen
a: no special abilities


You were on level 4 of the Dungeon.
You visited 1 branch of the dungeon, and saw 4 of its levels.

You collected 147 gold pieces.

Inventory:

Hand Weapons
 a - a +0 falchion
 s - a +2 spear of flaming (weapon)
Armour
 d - an orb of light (worn)
 f - a +0 helmet (worn)
 h - a +0 pair of gloves (worn)
 q - a +0 cloak (worn)
 r - a +0 chain mail (worn)
Jewellery
 l - a +6 ring of intelligence
Wands
 k - a wand of roots (11)
Scrolls
 b - a scroll of immolation {unknown}
 g - 2 scrolls of revelation {unknown}
 i - 2 scrolls of enchant weapon {unknown}
 n - a scroll of butterflies {unknown}
 o - a scroll of poison {unknown}
 p - 2 scrolls of identify {unknown}
 u - a scroll of fog {unknown}
 v - a scroll of teleportation {unknown}
Potions
 c - a potion of ambrosia
 e - a potion of brilliance {unknown}
 j - a potion of invisibility {unknown}
 m - 2 potions of heal wounds {unknown}
 t - 2 potions of resistance {unknown}


   Skills:
 - Level 3.0 Fighting
 - Level 6.0 Long Blades
 - Level 3.1 Polearms
 - Level 3.0 Dodging
 + Level 1.6 Invocations


You had 5 spell levels left.
You didn't know any spells.
Your spell library contained the following spells:

 Spells                   Type           Power      Damage    Failure   Level
 Apportation              Tloc           0%         N/A       100%        1
 Necrotise                Necr           0%         1d4       100%        1
 Sting                    Conj/Alch      0%         1d3       100%        1
 Summon Small Mammal      Summ           0%         N/A       100%        1
 Ensorcelled Hibernation  Hex/Ice        0%         N/A       100%        2
 Dazzling Flash           Conj/Hex       0%         N/A       100%        3
 Fugue of the Fallen      Necr           0%         N/A       100%        3
 Mephitic Cloud           Conj/Alch/Air  0%         N/A       100%        3
 Ozocubu's Armour         Ice            0%         N/A       100%        3
 Passwall                 Erth           0%         N/A       100%        3
 Swiftness                Air            0%         N/A       100%        3
 Manifold Assault         Tloc           0%         N/A       100%        4
 Curse of Agony           Necr           0%         N/A       100%        5
 Silence                  Hex/Air        0%         N/A       100%        5


Dungeon Overview and Level Annotations

Branches:
Dungeon (4/15)
 Temple: D:4-7

Altars:
Uskayaw

Annotations:
D:4 Duvessa


Innate Abilities, Weirdness & Mutations

You regain HP and MP as you explore.


Message History

Duvessa goes berserk!
Duvessa rages.
You hit Duvessa. You burn Duvessa.
Duvessa is lightly wounded.
Duvessa hits you with a +0 short sword.
You hit Duvessa. You burn Duvessa.
Duvessa is lightly wounded.
Duvessa hits you with a +0 short sword. x2
You hit Duvessa but do no damage.
Duvessa is lightly wounded.
Duvessa barely misses you.
You hit Duvessa but do no damage.
Duvessa is lightly wounded.
Duvessa hits you with a +0 short sword. x2
You are too injured to fight recklessly!
You completely miss Duvessa.
Duvessa is lightly wounded.
Duvessa barely misses you.
You hit Duvessa. You burn Duvessa.
Duvessa is lightly wounded.
Duvessa hits you with a +0 short sword. Duvessa hits you but does no damage.
Okay, then.
Okay, then.
You hit Duvessa. You burn Duvessa.
Duvessa is moderately wounded.
Duvessa barely misses you.
You hit Duvessa. You burn Duvessa.
Duvessa is moderately wounded.
Duvessa closely misses you.
You hit Duvessa. You burn Duvessa.
Duvessa is moderately wounded.
Duvessa barely misses you. Duvessa hits you with a +0 short sword!
* * * LOW HITPOINT WARNING * * *
You hit Duvessa. You burn Duvessa.
Duvessa is heavily wounded.
Duvessa hits you but does no damage.
You barely miss Duvessa.
Duvessa is heavily wounded.
Duvessa hits you with a +0 short sword!
You die...

..... ..#. #...
### #... ... +..
.#... #.. # ....
#.# #[#e####.#
#...@.##.#
###.#.##.# #+#
#.#.##.# #.#
#.)....# #.#
###.#### ##.##
#.######...##
#...........#
######.#...######
#.##.###....


You could see Duvessa (berserk).

Vanquished Creatures
  An ice beast (D:4)
  Dowan (D:4)
  Crazy Yiuf (D:2)
  Terence (D:2)
  3 gnolls (D:3)
  5 adders
  2 dart slugs (D:1)
  2 orcs (D:3)
  2 endoplasms
  4 giant cockroaches
  4 goblins
  10 hobgoblins
  4 jackals
  7 kobolds
  7 quokkas
  6 ball pythons
  5 bats
  5 frilled lizards
  5 rats
75 creatures vanquished.

Notes
Turn   | Place    | Note
-------+----------+-------------------------------------------
     0 | D:1      | jagang the Human Monk began the quest for the Orb.
     0 | D:1      | Reached XP level 1. HP: 18/18 MP: 1/1
    80 | D:1      | Reached XP level 2. HP: 19/24 MP: 2/2
   216 | D:1      | Reached skill level 4 in Long Blades
   378 | D:1      | Reached XP level 3. HP: 29/29 MP: 3/3
  1012 | D:2      | Reached XP level 4. HP: 23/35 MP: 4/4
  1089 | D:2      | Reached skill level 5 in Long Blades
  1118 | D:2      | Found a runed translucent door.
  1119 | D:2      | Noticed Crazy Yiuf
  1126 | D:2      | Killed Crazy Yiuf
  1222 | D:2      | Noticed Terence
  1234 | D:2      | Killed Terence
  1235 | D:2      | Reached XP level 5. HP: 14/41 MP: 5/5
  1998 | D:3      | Reached skill level 6 in Long Blades
  2112 | D:3      | Noticed a +0 hand axe
  2112 | D:3      | Noticed a +0 dagger
  2131 | D:3      | Found a hide-covered altar of Uskayaw.
  2322 | D:3      | Reached skill level 1 in Polearms
  2622 | D:4      | Noticed an ice beast
  2636 | D:4      | Killed an ice beast
  2637 | D:4      | Reached XP level 6. HP: 15/47 MP: 6/6
  2998 | D:4      | Noticed Dowan
  3009 | D:4      | Killed Dowan
  3010 | D:4      | Reached skill level 1 in Invocations
  3066 | D:4      | Noticed Duvessa
  3077 | D:4      | Slain by Duvessa

Illustrated notes

Levels and vault maps discovered:
D:1:      lemuel_arrival_rhombus, layout_rooms, hangedman_decor_riveting,
          nicolae_eternal_life
D:2:      layout_loops_ring, uniq_terence, uniq_crazy_yiuf_cottage
D:3:      layout_basic, dancing_weapons_uskayaw, nicolae_grassy_gnolls
D:4:      layout_loops_corners, uniq_duvessa

Skill      XL: |  1  2  3  4  5  6 |
---------------+-------------------+-----
Long Blades    | 4 5 6 |  6.0
Polearms       | 2 3 |  3.1
Invocations    | 1 |  1.6
Fighting       | |  3.0
Dodging        | |  3.0

Action                     |  1- 3 |  4- 6 || total
---------------------------+-------+-------++-------
  Melee: Falchion          |   102 |    54 ||   156
         Spear             |       |    73 ||    73
  Throw: Throwing net      |       |     1 ||     1
 Armour: Robe              |     7 |       ||     7
         Ring mail         |    53 |     8 ||    61
         Chain mail        |       |    69 ||    69
  Dodge: Dodged            |    77 |    44 ||   121
